 Dungeon Crawl Stone Soup version 0.19-a0-1260-gc94d3f7 (webtiles) character file.

190329 st0uf the Thaumaturge (level 18, -3/108 HPs)
             Began as a Gargoyle Earth Elementalist on Aug 27, 2016.
             Was the Champion of Vehumet.
             Slain by Asterion
             ... wielding a +5 demon whip of draining
              (22 damage)
             ... on level 2 of the Snake Pit on Aug 28, 2016.
             The game lasted 05:33:06 (41161 turns).

st0uf the Thaumaturge (GrEE)                       Turns: 41161, Time: 05:33:07

Health: -3/108     AC: 26    Str: 15    XL:     18   Next: 16%
Magic:  5/35       EV: 17    Int: 27    God:    Vehumet [******]
Gold:   1157       SH:  6    Dex: 13    Spells: 9 memorised, 12 levels left

rFire  + . .     SeeInvis +     K - +6 shillelagh "Devastator" {shatter}
rCold  . . .     Gourm    .     O - +2 robe {Archmagi}
rNeg   + + .     Faith    .     X - +0 buckler
rPois  ∞         Spirit   .     e - +1 hat {MR+}
rElec  +         Dismiss  .     x - +1 cloak "Xetz" {rF+ rN+ Str+2}
rCorr  .         Reflect  .     r - +0 pair of gloves {Dex+3}
MR     ++...     Harm     .     l - +2 pair of boots
Stlth  ++........               f - amulet of magic regeneration
                                j - ring of see invisible
                                P - +4 ring of intelligence

@: about to teleport, flying
A: big wings, negative energy resistance 1, electricity resistance, unbreathing,
petrification resistance, rot immunity, AC +13
a: Stop Flying, Renounce Religion
}: 1/15 runes: decaying


You were on level 2 of the Snake Pit.
You worshipped Vehumet.
Vehumet was exalted by your worship.
You were not hungry.

You visited 6 branches of the dungeon, and saw 30 of its levels.

You collected 2935 gold pieces.
You spent 1778 gold pieces at shops.

Inventory:

Hand Weapons
 K - the +6 shillelagh "Devastator" (weapon) {shatter}
   (You bought it in a shop on level 1 of the Orcish Mines)
Missiles
 b - 356 stones (quivered)
Armour
 c - a +0 shield of cold resistance
 e - a +1 hat of magic resistance (worn)
 l - a +2 pair of boots (worn)
 r - a +0 pair of gloves of dexterity (worn)
 x - the +1 cloak "Xetz" (worn) {rF+ rN+ Str+2}
   (You found it on level 2 of the Swamp)

   It affects your strength (+2).
   It protects you from fire.
   It protects you from negative energy.
 O - a +2 robe of the Archmagi (worn)
 T - a +1 robe of cold resistance
 X - a +0 buckler (worn)
Magical Staves
 V - an uncursed staff of cold
Jewellery
 a - an uncursed ring of positive energy
 f - an amulet of magic regeneration (around neck)
 j - a ring of see invisible (right hand)
 k - the brooch of Shielding {Reflect SH+8}
   (You found it on level 13 of the Dungeon)

   [amulet of reflection]

   It shields you and reflects attacks.
   It affects your SH (+8).
 q - an uncursed ring of protection from magic
 t - an uncursed ring of fire
 u - an uncursed ring of positive energy
 F - an uncursed ring of protection from magic
 G - an uncursed ring of resist corrosion
 P - a +4 ring of intelligence (left hand)
Wands
 s - a wand of lightning (6/15)
 J - a wand of slowing (11/48)
 W - a wand of hasting (6/9)
Scrolls
 h - 3 scrolls of fog
 i - a scroll of enchant armour
 n - 14 scrolls of remove curse
 o - 7 scrolls of magic mapping
 v - a scroll of enchant weapon
 y - 3 scrolls of identify
 z - 8 scrolls of teleportation
 A - 4 scrolls of fear
 C - 2 scrolls of blinking
 E - 5 scrolls of recharging
Potions
 g - 9 potions of haste
 m - a potion of cancellation
 p - 3 potions of lignification
 B - 3 potions of magic
 D - a potion of resistance
 H - 2 potions of berserk rage
 I - 7 potions of might
 L - 5 potions of heal wounds
 M - 5 potions of brilliance
 N - 5 potions of ambrosia
 R - 3 potions of agility
 S - a potion of cure mutation
 Z - 3 potions of curing
Comestibles
 d - 12 bread rations
 w - a beef jerky
 Q - a chunk of flesh


   Skills:
 + Level 10.5 Fighting
 + Level 9.4 Maces & Flails
 + Level 10.0 Armour
 + Level 8.8 Dodging
 - Level 2.1 Stealth
 + Level 8.9 Shields
 * Level 13.8 Spellcasting
 + Level 11.3 Conjurations
 + Level 5.3 Charms
 - Level 0.7 Transmutations
 + Level 9.1 Fire Magic
 + Level 13.2 Earth Magic
 + Level 8.8 Evocations


You had 12 spell levels left.
You knew the following spells:

 Your Spells              Type           Power        Failure   Level  Hunger
a - Sandblast             Erth           ######       0%          1    None
b - Stone Arrow           Conj/Erth      ######       1%          3    None
c - Lee's Rapid Deconstr  Erth           #######...   1%          5    ##.....
d - Apportation           Tloc           ####......   3%          1    None
e - Petrify               Tmut/Erth      ######..     1%          4    None
f - Flame Tongue          Conj/Fire      #####        1%          1    None
g - Iskenderun's Battles  Conj/Chrm      #######.     1%          5    ##.....
h - Bolt of Fire          Conj/Fire      #######...   2%          6    ####...
i - Iron Shot             Conj/Erth      #######...   1%          6    ####...


Dungeon Overview and Level Annotations

Branches:
Dungeon (15/15)            Temple (1/1) D:5            Lair (6/6) D:11
  Swamp (4/4) Lair:2        Snake (2/4) Lair:4        Slime (0/5) Lair:6
    Orc (2/2) D:11            Elf (0/3) Orc:2        Vaults (0/5) D:14
 Depths (0/5) D:15

Altars:
Ashenzari
Cheibriados
Dithmenos
Elyvilon
Fedhas
Gozag
Hepliaklqana
Kikubaaqudgha
Makhleb
Nemelex Xobeh
Okawaru
Qazlal
Ru
Sif Muna
Trog
Uskayaw
Vehumet
Xom
Yredelemnul
Zin
The Shining One
Beogh

Shops:
D:5 [   D:8 [   D:14 (   D:15 [   Orc:1 ((?[(   Orc:2 *}?(*

Portals:
Pandemonium: Orc:2
Trove: D:12 (give +3 storm dragon armour)

Annotations:
Swamp:3 exclusion: downstairs
Swamp:4 Lernaean hydra
Snake:2 Asterion


Innate Abilities, Weirdness & Mutations

You are resistant to torment.
Your stone body is resilient. (AC +13)
You are immune to poison.
Your large and strong wings let you fly indefinitely.
You resist negative energy. (rN+)
You are resistant to electric shocks. (rElec)
You can survive without breathing.
You are immune to petrification.
You are immune to rotting.


Message History

You feel a surge of power!
The stone arrow hits the anaconda.
You kill the anaconda!
Vehumet accepts your kill.
You feel your power returning. Asterion hits you but does no damage.
Asterion closely misses you.
Asterion hits you with a demon whip of draining!!
Asterion gores you!
* * * LOW HITPOINT WARNING * * *
As you read the scroll of teleportation, it crumbles to dust.
You feel strangely unstable.
Asterion hits you with a demon whip of draining!
* * * LOW HITPOINT WARNING * * *
Asterion misses you.
Okay, then.
You block Asterion's attack. Asterion gores you but does no damage.
Your surroundings seem slightly different.
As you read the scroll of teleportation, it crumbles to dust.
You feel strangely unstable.
Asterion hits you with a demon whip of draining!!
You die...

#..............
#(.............
#..............
###+##..............
#.......)...........
##.......#........# #
#.....†(##########.#
#......(...........#
#...H@.###......####
#..^...# #......#
###+###.########......#
##.....###)....##......##
#.#...#.#.#####.#..........
#.#...#.#...)..............
+.#.8.#.'...8...#..........#
#.#...#.#..................#
#.#...#.#.#####.#####......#


You could see Asterion.

Vanquished Creatures
  Rupert (D:14)
  Gastronok (Orc:1)
  2 thorn hunters
  Aizul (Swamp:2)
  The ghost of Leszczynek the Impaler, a journeyman MfWn of Makhleb (Swamp:2)
  The ghost of ximxim the Marksdemonspawn, a journeyman DsGl of Okawaru (D:14)
  Nessos (Lair:4)
  A yaktaur captain (D:13)
  Fannar (Lair:2)
  25 hydras
  An ice dragon (D:14)
  Harold (Orc:1)
  4 catoblepae (Lair:6)
  Erica (D:8)
  An ogre mage (D:15)
  8 centaur warriors
  2 anacondas
  13 alligators
  A death knight (D:14)
  12 death yaks (Lair:6)
  2 tengu warriors
  A shock serpent (Snake:2)
  Urug (D:14)
  5 orc high priests (Orc:2)
  9 spriggans
  Sonja (Lair:2)
  A shadow wraith (D:13)
  4 skeletal warriors
  A fire crab (D:14)
  2 unseen horrors
  A naga ritualist (Snake:1)
  3 spriggan druids
  An infernal demonspawn (Orc:1)
  11 swamp dragons
  A putrid demonspawn (Orc:2)
  A giant orange brain (D:15)
  3 deep elf magi
  A torturous demonspawn (Orc:2)
  A shambling mangrove (Swamp:1)
  An anubis guard (shapeshifter) (D:15)
  An orb spider (shapeshifter) (D:13)
  5 orc knights
  14 ugly things
  A wizard (D:9)
  7 hill giants
  7 orc sorcerers (Orc:2)
  2 manticores
  A wolf spider zombie (D:15)
  A wolf spider (D:13)
  3 cyclopes
  A hornet (Swamp:3)
  An oklob plant (Lair:1)
  A griffon (Lair:5)
  2 salamanders (Snake:2)
  A centaur zombie (D:10)
  2 naga magi (Snake:1)
  Maurice (Orc:1)
  An ice statue (D:13)
  6 black mambas
  A smoke demon (Orc:2)
  23 spiny frogs
  3 elephants (Lair:5)
  Psyche (D:7)
  2 gargoyles (D:13)
  3 freezing wraiths
  6 rime drakes
  3 kobold demonologists (D:13)
  A yaktaur (D:13)
  8 komodo dragons
  A hellwing (Orc:1)
  2 guardian mummies (D:12)
  A tengu conjurer (D:15)
  A redback zombie (D:14)
  7 trolls
  A wind drake (shapeshifter) (D:15)
  A polar bear (Lair:5)
  Prince Ribbit (D:8)
  2 two-headed ogres
  10 giant leeches
  16 blink frogs
  36 slime creatures
  7 bog bodies
  A meliai zombie (D:11)
  A vampire (D:10)
  58 yaks
  A human (shapeshifter) (D:15)
  Eustachio (D:6)
  3 wraiths
  15 humans
  3 wyverns
  4 hungry ghosts
  A steam dragon (D:13)
  29 vampire mosquitoes
  A basilisk (Lair:6)
  A chaos spawn (Orc:2)
  4 wargs
  11 hippogriffs
  24 swamp worms
  10 insubstantial wisps
  6 nagas
  3 soldier ants
  A mottled dragon (shapeshifter) (D:15)
  17 water moccasins
  7 porcupines
  15 swamp drakes
  40 orc warriors
  An eye of draining (D:13)
  5 sky beasts
  12 ogres
  7 ice beasts
  2 phantoms
  A black bear (shapeshifter) (D:15)
  2 black bears
  An eye of draining (shapeshifter) (D:15)
  6 wolves
  10 wasps
  18 centaurs
  10 crocodiles
  3 big kobolds
  Blork the orc (D:4)
  2 gnoll sergeants
  18 giant frogs
  A wyvern zombie (D:14)
  A water moccasin skeleton (D:8)
  7 killer bees (D:10)
  13 wights
  2 howler monkeys
  10 crimson imps
  A quasit (D:14)
  28 orc priests
  A jelly (D:6)
  3 giant frog zombies
  6 centaur skeletons
  9 hounds
  3 giant frog skeletons
  23 orc wizards
  8 iguanas
  7 worker ants
  A hound zombie (D:8)
  A worker ant zombie (D:7)
  Robin (D:2)
  16 gnolls
  16 adders
  35 river rats
  5 shadow imps
  2 oozes
  7 worms
  2 dart slugs
  5 giant geckos
  114 orcs
  3 ball pythons (D:2)
  10 bats
  2 bat zombies (D:3)
  3 giant cockroaches
  9 hobgoblins
  24 jackals
  5 quokkas
  4 giant newts
  28 goblins
  A jackal skeleton (D:4)
  13 kobolds
  A quokka skeleton (D:5)
  14 rats
  2 rat zombies (D:3)
  3 plants (Lair:6)
1131 creatures vanquished.

Vanquished Creatures (others)
  A human (D:14)
  An orc wizard (Orc:1)
  48 fungi
  36 plants
  3 toadstools (Swamp:3)
89 creatures vanquished.

Grand Total: 1220 creatures vanquished

Notes
Turn   | Place    | Note
-------+----------+-------------------------------------------
     0 | D:1      | st0uf the Gargoyle Earth Elementalist began the quest for the Orb.
     0 | D:1      | Reached XP level 1. HP: 10/10 MP: 3/3
   242 | D:1      | Reached XP level 2. HP: 15/15 MP: 0/5
   843 | D:2      | Reached XP level 3. HP: 19/19 MP: 3/7
  1319 | D:2      | Found a faded altar of an unknown god.
  1395 | D:2      | Reached XP level 4. HP: 24/24 MP: 5/9
  1539 | D:2      | Found a shimmering altar of Xom.
  2007 | D:2      | Noticed Robin
  2074 | D:2      | Killed Robin
  2074 | D:2      | Reached XP level 5. HP: 24/28 MP: 0/11
  2190 | D:2      | Found a bloodstained altar of Trog.
  2207 | D:2      | Learned a level 3 spell: Stone Arrow
  2479 | D:3      | Found a sacrificial altar of Ru.
  2806 | D:3      | Reached skill level 5 in Earth Magic
  2892 | D:3      | Reached skill level 1 in Conjurations
  3132 | D:3      | Found an ancient bone altar of Kikubaaqudgha.
  3435 | D:4      | Reached XP level 6. HP: 32/32 MP: 12/12
  3442 | D:4      | Learned a level 5 spell: Lee's Rapid Deconstruction
  3480 | D:4      | Found a burning altar of Makhleb.
  3647 | D:4      | Noticed Blork the orc
  3664 | D:4      | Killed Blork the orc
  4044 | D:5      | Entered Level 5 of the Dungeon
  4071 | D:5      | Reached skill level 5 in Spellcasting
  4173 | D:5      | Found a staircase to the Ecumenical Temple.
  4182 | Temple   | Entered the Ecumenical Temple
  4478 | D:5      | Found Riuneuf's Antique Armour Shoppe.
  4719 | D:5      | Reached XP level 7. HP: 31/36 MP: 9/14
  4926 | D:6      | Found a sparkling altar of Nemelex Xobeh.
  5147 | D:6      | Noticed Eustachio
  5191 | D:6      | Killed Eustachio
  5191 | D:6      | Reached XP level 8. HP: 41/41 MP: 6/17
  6180 | D:7      | Found a hazy altar of Hepliaklqana.
  6236 | D:7      | Reached skill level 1 in Maces & Flails
  6296 | D:7      | Reached skill level 1 in Armour
  6300 | D:7      | Reached skill level 1 in Evocations
  6300 | D:7      | Reached XP level 9. HP: 9/46 MP: 1/20
  6702 | D:7      | Reached skill level 1 in Fighting
  6702 | D:7      | Reached skill level 5 in Conjurations
  6896 | D:7      | Paralysed by a gnoll for 2 turns
  6999 | D:7      | Found a shadowy altar of Dithmenos.
  7109 | D:7      | Found a radiant altar of Vehumet.
  7112 | D:7      | Became a worshipper of Vehumet
  7114 | D:7      | Found a burning altar of Makhleb.
  7116 | D:7      | Found a glowing golden altar of the Shining One.
  7118 | D:7      | Found a snail-covered altar of Cheibriados.
  7267 | D:8      | Noticed Psyche
  7440 | D:7      | Killed Psyche
  7693 | D:8      | Noticed Erica
  7743 | D:8      | Noticed Prince Ribbit
  7858 | D:8      | Killed Erica
  7858 | D:8      | Reached XP level 10. HP: 55/55 MP: 4/22
  8017 | D:8      | Killed Prince Ribbit
  8113 | D:8      | Found Uchuxim's Armour Shop.
  8162 | D:8      | Found a basalt altar of Yredelemnul.
  8350 | D:9      | Reached * piety under Vehumet
  8350 | D:9      | Offered knowledge of Shock by Vehumet.
  8459 | D:9      | Learned a level 1 spell: Apportation
  8464 | D:9      | Learned a level 4 spell: Petrify
  9085 | D:9      | Found a bloodstained altar of Trog.
  9087 | D:9      | Noticed a wizard
  9091 | D:9      | Killed a wizard
  9252 | D:10     | Entered Level 10 of the Dungeon
  9728 | D:10     | Reached ** piety under Vehumet
  9756 | D:10     | Offered knowledge of Flame Tongue by Vehumet.
  9759 | D:10     | Learned a level 1 spell: Flame Tongue
  9897 | D:10     | Noticed a skeletal warrior
  9908 | D:10     | Killed a skeletal warrior
  9908 | D:10     | Reached skill level 1 in Fire Magic
  9908 | D:10     | Reached XP level 11. HP: 39/61 MP: 1/24
  9918 | D:10     | Noticed a skeletal warrior
 10032 | D:10     | Noticed a skeletal warrior
 10058 | D:10     | Killed a skeletal warrior
 10264 | D:10     | Killed a skeletal warrior
 10529 | D:10     | Noticed a hill giant
 10535 | D:10     | Killed a hill giant
 10850 | D:10     | Offered knowledge of Searing Ray by Vehumet.
 11091 | D:10     | Noticed a hill giant
 11105 | D:10     | Killed a hill giant
 11277 | D:10     | Reached skill level 5 in Fighting
 11280 | D:10     | Reached skill level 5 in Armour
 11367 | D:10     | Upgraded the game from 0.19-a0-1254-gb9c29c0 to 0.19-a0-1260-gc94d3f7
 11526 | D:11     | Reached *** piety under Vehumet
 11874 | D:11     | Found a staircase to the Lair.
 12576 | D:11     | Noticed a hill giant
 12583 | D:11     | Killed a hill giant
 12583 | D:11     | Reached skill level 5 in Maces & Flails
 12598 | D:11     | Reached XP level 12. HP: 29/69 MP: 5/25
 12775 | D:11     | Offered knowledge of Static Discharge by Vehumet.
 12824 | D:11     | Reached skill level 5 in Dodging
 12824 | D:11     | Reached skill level 1 in Shields
 12824 | D:11     | Reached skill level 10 in Spellcasting
 13250 | D:11     | Found a staircase to the Orcish Mines.
 13255 | D:11     | Reached **** piety under Vehumet
 13490 | D:11     | Offered knowledge of Lightning Bolt by Vehumet.
 13587 | Lair:1   | Entered Level 1 of the Lair of Beasts
 13598 | Lair:1   | Found a glowing silver altar of Zin.
 14983 | Lair:2   | Noticed Fannar
 15002 | Lair:2   | Found a staircase to the Swamp.
 15132 | Lair:2   | Noticed Sonja
 15141 | Lair:2   | Killed Sonja
 15651 | Lair:2   | Killed Fannar
 15651 | Lair:2   | Reached skill level 10 in Earth Magic
 16325 | Lair:3   | Reached ***** piety under Vehumet
 16334 | Lair:3   | Offered knowledge of Fulminant Prism by Vehumet.
 17023 | Lair:4   | Reached XP level 13. HP: 69/76 MP: 23/27
 17266 | Lair:4   | Reached skill level 5 in Evocations
 17747 | Lair:4   | Noticed Nessos
 18679 | Lair:4   | Found a staircase to the Snake Pit.
 18688 | Lair:4   | Reached skill level 5 in Fire Magic
 18801 | Lair:4   | Killed Nessos
 20483 | Lair:6   | Entered Level 6 of the Lair of Beasts
 20487 | Lair:6   | Found a staircase to the Slime Pits.
 21064 | Lair:6   | Offered knowledge of Spellforged Servitor by Vehumet.
 21064 | Lair:6   | Gained mutation: Your large and strong wings let you fly indefinitely. [Gargoyle growth]
 21064 | Lair:6   | Reached XP level 14. HP: 78/82 MP: 16/29
 21936 | Lair:6   | Reached skill level 5 in Shields
 22697 | Orc:1    | Entered Level 1 of the Orcish Mines
 22809 | Orc:1    | Noticed Gastronok
 22820 | Orc:1    | Killed Gastronok
 22943 | Orc:1    | Found Fogau's Weapon Boutique.
 23248 | Orc:2    | Entered Level 2 of the Orcish Mines
 23809 | Orc:2    | Found Peuweg's General Store.
 23824 | Orc:2    | Found a staircase to the Elven Halls.
 23967 | Orc:1    | Found Waticw Pyach's Antique Armour Shop.
 23967 | Orc:1    | Found Wearuav's Magic Scroll Shoppe.
 24141 | Orc:1    | Found Vaiggado's Antique Weapon Boutique.
 24145 | Orc:1    | Bought a scroll of identify for 24 gold pieces
 24145 | Orc:1    | Bought a scroll of identify for 24 gold pieces
 24393 | Orc:1    | Noticed Harold
 24507 | Orc:1    | Killed Harold
 24687 | Orc:1    | Found Toacyth's Weapon Shop.
 24688 | Orc:1    | Found a roughly hewn altar of Beogh.
 24762 | Orc:1    | Noticed Maurice
 24768 | Orc:1    | Killed Maurice
 24909 | Orc:1    | Bought the +6 shillelagh "Devastator" {shatter} for 1444 gold pieces
 24921 | Orc:1    | Bought an embroidered hat for 144 gold pieces
 25020 | Orc:2    | Offered knowledge of Iskenderun's Battlesphere by Vehumet.
 25258 | Orc:2    | Learned a level 5 spell: Iskenderun's Battlesphere
 25292 | Orc:2    | Found Estibbom's General Store.
 25309 | Orc:2    | Found Nonunt's Magic Scroll Shop.
 25706 | Orc:2    | Reached skill level 1 in Charms
 25706 | Orc:2    | Reached XP level 15. HP: 89/89 MP: 6/30
 26546 | Orc:2    | Found Ihypt's Gadget Emporium.
 26557 | Orc:2    | Found Puischiv's Antique Weapon Shoppe.
 26739 | Orc:2    | Found a one-way gate leading to the halls of Pandemonium.
 26780 | Orc:2    | Bought a scroll of teleportation for 45 gold pieces
 26780 | Orc:2    | Bought a scroll of teleportation for 45 gold pieces
 26782 | Orc:2    | Bought a scroll of identify for 26 gold pieces
 26782 | Orc:2    | Bought a scroll of identify for 26 gold pieces
 26992 | Swamp:1  | Entered Level 1 of the Swamp
 27546 | Swamp:1  | Offered knowledge of Bolt of Fire by Vehumet.
 27576 | Swamp:1  | Learned a level 6 spell: Bolt of Fire
 27670 | Swamp:1  | Reached skill level 10 in Conjurations
 28337 | Swamp:2  | Noticed Leszczynek's ghost (journeyman MfWn)
 30504 | D:12     | Offered knowledge of Delayed Fireball by Vehumet.
 30542 | D:12     | Found a portal to a secret trove of treasure.
 31576 | D:13     | Reached XP level 16. HP: 77/96 MP: 30/32
 32744 | D:14     | Offered knowledge of Poisonous Cloud by Vehumet.
 32750 | D:14     | Noticed Urug
 32839 | D:14     | Killed Urug
 32843 | D:14     | Noticed Rupert
 32844 | D:14     | Killed Rupert
 33091 | D:14     | Found a gate to the Vaults.
 33844 | D:14     | Found Xoanaup's Antique Weapon Shop.
 34092 | D:14     | Noticed ximxim's ghost (journeyman DsGl)
 34150 | D:13     | Offered knowledge of Iron Shot by Vehumet.
 34823 | D:14     | Killed ximxim's ghost
 35121 | D:15     | Entered Level 15 of the Dungeon
 35275 | D:15     | Found Loapodytre's Antique Armour Shoppe.
 35318 | D:15     | Reached skill level 10 in Fighting
 35881 | D:14     | Reached XP level 17. HP: 102/102 MP: 16/34
 35990 | D:15     | Found a staircase to the Depths.
 36510 | Swamp:2  | Killed Leszczynek's ghost
 36706 | Swamp:2  | Learned a level 6 spell: Iron Shot
 36745 | Swamp:2  | Noticed Aizul
 36759 | Swamp:2  | Killed Aizul
 36761 | Swamp:2  | Got a twisted cloak
 37885 | Lair:1   | Identified the +1 cloak "Xetz" {rF+ rN+ Str+2} (You found it on level 2 of the Swamp)
 38575 | Swamp:3  | Reached ****** piety under Vehumet
 38681 | Swamp:3  | Reached skill level 5 in Charms
 39000 | Swamp:4  | Entered Level 4 of the Swamp
 39029 | Swamp:4  | Offered knowledge of Fire Storm by Vehumet.
 39029 | Swamp:4  | Offered knowledge of Shatter by Vehumet.
 39029 | Swamp:4  | Offered knowledge of Chain Lightning by Vehumet.
 39762 | Swamp:4  | Noticed the 27-headed Lernaean hydra
 40004 | Swamp:3  | Reached XP level 18. HP: 40/108 MP: 19/35
 40399 | Swamp:4  | Got a decaying rune of Zot
 40638 | Snake:1  | Entered Level 1 of the Snake Pit
 40812 | Snake:1  | Reached skill level 10 in Armour
 41145 | Snake:2  | Noticed Asterion
 41161 | Snake:2  | Slain by Asterion

Vault maps used:
D:1:      dpeg_arrival_tiny_g, kennysheep_minor_cross
D:2:      kennysheep_goblin_castle, nicolae_overflow_crystal_walls,
          lemuel_round_altar, ecumenical_altar_1, uniq_robin
D:3:      old_standard_altar, lemuel_zombie_altar_kikubaaqudgha
D:4:      first_bread, bloody_makhleb, uniq_blork_the_orc
D:5:      serial_shops, nicolae_shop_overgrown_old_shop, minmay_ogre_servants
D:6:      nemelex_xobeh_ov_fountains_minmay, kennysheep_generic_room_7,
          uniq_eustachio
D:7:      nicolae_overflow_hidden_temple, minitemple
D:8:      old_standard_altar, serial_shops, shop_fountains, uniq_psyche,
          uniq_erica, uniq_prince_ribbit1
D:9:      trog_wizard
D:10:     mrwooster_statue_mirror
D:11:     due_lair_maze_entry_diamond
D:12:     nicolae_trove_entry_path_of_doom, hangedman_pestilent_swarm
D:13:     minivault_24, minivault_15, serial_bayou_pond_c, st_stairs_4,
          minivault_19, hangedman_abyss_or_decor_passed, minmay_evil_grid
D:14:     david_vaults_3, amethyst_killhole, serial_shops, shop,
          minmay_misc_feat_four_crosses
D:15:     gammafunk_enter_depths_forms, serial_shops, shop, interstate_on_off
Temple:   jpeg_temple_island
Lair:1:   basic_altar, minmay_stone_trees_medium
Lair:2:   swamp_mist, lemuel_fruit_tree, uniq_sonja, uniq_fannar
Lair:3:   beast_lair_carwin_4
Lair:4:   minmay_snake_entry_guardpost_large, uniq_nessos
Lair:5:   st_stairs_5, infiniplex_staircase_pool_2, grunt_megastairs_4
Lair:6:   evilmike_catoblepas_cave, slime_dummy
Swamp:1:  evilmike_swamp_ruin_house_3
Swamp:2:  evilmike_swamp_ruin_house_4, uniq_aizul
Swamp:3:  cheibrodos_swamp_tower_of_moss, evilmike_swamp_ruin_rubble_2
Swamp:4:  swamp_old_school, swamp_pool2
Snake:1:  st_stairs_7
Snake:2:  nrook_guardian_serpent_double, basic_stair_grate_trap,
          grunt_megastairs_1, uniq_asterion
Orc:1:    serial_shops, shop, shop, nicolae_shop_window_shopping,
          shop_fountains, shop, basic_altar, uniq_gastronok, uniq_harold,
          uniq_maurice
Orc:2:    pf_orc_diabolical, serial_shops, nicolae_shop_trees

Skill      XL: |  1  2  3  4  5  6  7  8  9 10 11 12 13 14 15 16 17 18 |
---------------+-------------------------------------------------------+-----
Spellcasting   | 3 4 5 6 7 8 9 10 11 12 13 | 13.8
Earth Magic    | 4 5 6 7 8 9 10 11 12 13 | 13.2
Conjurations   | 1 2 3 4 5 6 7 8 9 10 11 | 11.3
Maces & Flails | 1 2 4 5 6 7 8 9 |  9.4
Armour         | 1 3 4 5 6 7 8 9 10 | 10.0
Evocations     | 1 2 3 4 5 6 7 8 |  8.8
Fighting       | 2 4 5 6 7 8 9 10 | 10.5
Dodging        | 2 3 4 5 6 7 8 |  8.8
Fire Magic     | 1 2 4 5 6 7 8 9 |  9.1
Shields        | 2 4 5 6 7 8 |  8.9
Charms         | 1 2 4 5 |  5.3
Stealth        | |  2.1
Transmutations | |  0.7

Action                   |  1- 3 |  4- 6 |  7- 9 | 10-12 | 13-15 | 16-18 || total
-------------------------+-------+-------+-------+-------+-------+-------++-------
Melee: Whip              |     6 |   148 |   113 |   418 |   193 |       ||   878
       Shillelagh        |       |       |       |       |   122 |   272 ||   394
Throw: Stone             |       |       |       |       |       |     1 ||     1
 Cast: Sandblast         |    58 |   121 |     4 |       |    74 |     2 ||   259
       Stone Arrow       |       |       |    94 |   317 |   510 |   192 ||  1113
       Flame Tongue      |       |       |       |    27 |   129 |   251 ||   407
       Lee's Rapid Decon |       |       |       |     6 |    86 |   118 ||   210
       Petrify           |       |       |       |     2 |     9 |     1 ||    12
       Apportation       |       |       |       |     1 |    29 |     3 ||    33
       Iskenderun's Batt |       |       |       |       |    43 |    83 ||   126
       Bolt of Fire      |       |       |       |       |     4 |    22 ||    26
       Iron Shot         |       |       |       |       |       |     2 ||     2
 Abil: Fly               |       |       |       |       |     1 |       ||     1
Evoke: Wand              |       |       |       |       |     5 |       ||     5
  Use: Scroll            |       |       |     2 |    14 |    16 |    12 ||    44
 Stab: Sleeping          |       |     2 |     2 |     2 |       |       ||     6
       Distracted        |       |       |       |     1 |     1 |       ||     2
       Petrified         |       |       |       |       |     2 |       ||     2
  Eat: Chunk             |     2 |    10 |    11 |    29 |    47 |    32 ||   131
       Beef jerky        |       |       |       |     1 |     2 |     1 ||     4
       Pizza             |       |       |       |     1 |       |     1 ||     2
       Meat ration       |       |       |       |       |     1 |       ||     1
       Bread ration      |       |       |       |       |     1 |     2 ||     3
       Royal jelly       |       |       |       |       |       |     1 ||     1
Armor: Robe              |    11 |    95 |    56 |   227 |   261 |   244 ||   894
Dodge: Dodged            |    26 |   151 |   103 |   335 |   391 |   367 ||  1373
Block: Buckler           |       |       |       |       |       |   102 ||   102
